 Dungeon Crawl Stone Soup version 0.26.0-15-gc6cd9f700b (webtiles) character file.

Game seed: 11746507201831486635

30 EnegeticOcto the Stinger (level 3, 0/25 HPs)
             Began as a Gnoll Venom Mage on Jan 16, 2021.
             Slain by a quokka (3 damage)
             ... on level 3 of the Dungeon.
             The game lasted 00:04:16 (373 turns).

EnegeticOcto the Stinger (Gnoll Venom Mage)          Turns: 373, Time: 00:04:17

Health: 0/25       AC:  3    Str: 10    XL:     3   Next: 18%
Magic:  1/9        EV: 14    Int: 18    God:
Gold:   23         SH:  0    Dex: 15    Spells: 9/12 levels left

rFire    . . .     SeeInvis .   i - +0 morningstar
rCold    . . .     Faith    .   (no shield)
rNeg     . . .     Spirit   .   a - +0 robe
rPois    .         Reflect  .   (no helmet)
rElec    .         Harm     .   (no cloak)
rCorr    .         Rampage  .   d - +0 pair of gloves
Will     .....                  (no boots)
Stlth    +++.......             (no amulet)
HPRegen  0.08/turn              c - ring of flight
MPRegen  0.11/turn              (no ring)

@: no status effects
A: distributed training, fangs 1, strong nose
a: Evoke Flight


You were on level 3 of the Dungeon.
You visited 1 branch of the dungeon, and saw 3 of its levels.

You collected 23 gold pieces.

Inventory:

Hand Weapons
 i - a +0 morningstar (weapon)
   (You took it off a hobgoblin on level 2 of the Dungeon)
Armour
 a - a +0 robe (worn)
 d - a +0 pair of gloves (worn)
   (You found it on level 1 of the Dungeon)
Jewellery
 c - a ring of flight (left hand)
   (You found it on level 1 of the Dungeon)
Wands
 k - a wand of random effects (26)
   (You found it on level 2 of the Dungeon)
Scrolls
 b - 2 scrolls of remove curse {unknown}
 f - 3 scrolls of teleportation {unknown}
 j - a scroll of identify {unknown}
 l - a scroll of immolation {unknown}
Potions
 e - a potion of degeneration {unknown}
 g - a potion of attraction {unknown}
 h - 2 potions of berserk rage {unknown}


   Skills:
 + Level 0.6 Fighting
 + Level 0.6 Short Blades
 + Level 0.6 Long Blades
 + Level 0.6 Axes
 + Level 0.6 Maces & Flails
 + Level 0.6 Polearms
 + Level 0.6 Staves
 + Level 0.6 Slings
 + Level 0.6 Bows
 + Level 0.6 Crossbows
 + Level 0.6 Throwing
 + Level 0.6 Armour
 + Level 4.5 Dodging
 + Level 4.1 Stealth
 + Level 0.6 Shields
 + Level 0.6 Unarmed Combat
 + Level 5.0 Spellcasting
 + Level 0.4 Conjurations
 + Level 0.4 Hexes
 + Level 0.4 Summonings
 + Level 0.4 Necromancy
 + Level 0.4 Translocations
 + Level 2.1 Transmutations
 + Level 0.4 Fire Magic
 + Level 0.4 Ice Magic
 + Level 0.4 Air Magic
 + Level 0.4 Earth Magic
 + Level 5.4 Poison Magic
 + Level 0.8 Invocations
 + Level 0.6 Evocations


You had 9 spell levels left.
You knew the following spells:

 Your Spells              Type           Power        Failure   Level
a - Sting                 Tmut/Pois      72%          2%          1
b - Poisonous Vapours     Pois/Air       30%          6%          2

Your spell library contained the following spells:

 Spells                   Type           Power        Failure   Level
 Ignite Poison            Fire/Tmut/Pois 14%          14%         3
 Olgreb's Toxic Radiance  Pois           23%          14%         4
 Mephitic Cloud           Conj/Pois/Air  12%          17%         3


Dungeon Overview and Level Annotations

Branches:
Dungeon (3/15)

Altars:
The Shining One


Innate Abilities, Weirdness & Mutations

Your experience applies equally to all skills.
You have very sharp teeth.
Your uncanny sense of smell can sniff out nearby items.


Message History

A quokka comes into view.
You see here a scroll labelled IZEMIASOME.
l - a scroll labelled IZEMIASOME
Casting: Sting (safe; 3% risk of failure)
Confirm with . or Enter, or press ? or * to list all spells.
Aiming: Sting (safe; 3% risk of failure)
Press: ? - help, Shift-Dir - straight line, f - quokka
Aim: a quokka (36% to evade)
The sting hits the quokka but does no damage.
The quokka is poisoned.
The quokka bites you.
The quokka looks more healthy.
Casting: Sting (safe; 3% risk of failure)
Confirm with . or Enter, or press ? or * to list all spells.
Aiming: Sting (safe; 3% risk of failure)
Press: ? - help, Shift-Dir - straight line, f/p - quokka
Aim: a quokka (almost dead, 36% to evade)
The sting hits the quokka.
The quokka is poisoned.
You kill the quokka!
You have reached level 3!
Your experience leads to an increase in your attributes!
Increase (s)trength, (i)ntelligence, or (d)exterity?
You feel clever.
There is a stone staircase leading down here.
(D) Dungeon
Where to? (Enter - D:2, ? - help)
You climb downwards.
There is a stone staircase leading up here.
A leopard gecko comes into view.
Found a bubbling coppery potion.
A kobold and Sigmund come into view.
Casting: Sting (safe; 3% risk of failure)
Confirm with . or Enter, or press ? or * to list all spells.
Aiming: Poisonous Vapours (safe; 6% risk of failure)
Press: ? - help, Dir - move target, f - Sigmund
Aim: Sigmund, wielding a +0 scythe and wearing a +0 robe (asleep) Poisonous vapours surround Sigmund!
Sigmund shouts!
Sigmund is engulfed in poison gas.
Sigmund is poisoned.
Sigmund points at you and mumbles some strange words.
The puff of flame misses you.
Casting: Poisonous Vapours (safe; 6% risk of failure)
Confirm with . or Enter, or press ? or * to list all spells.
Aiming: Poisonous Vapours (safe; 6% risk of failure)
Press: ? - help, Dir - move target, f/p - Sigmund
Aim: Sigmund, wielding a +0 scythe and wearing a +0 robe (lightly wounded, poisoned) Poisonous vapours surround Sigmund!
Sigmund is engulfed in poison gas.
Sigmund looks even sicker.
Casting: Poisonous Vapours (safe; 6% risk of failure)
Confirm with . or Enter, or press ? or * to list all spells.
Aiming: Sting (safe; 3% risk of failure)
Press: ? - help, Shift-Dir - straight line, f - leopard gecko
Aim: a leopard gecko (asleep, 0% to evade)
The sting hits the leopard gecko.
The leopard gecko is poisoned.
You kill the leopard gecko!
Your Spellcasting skill increases to level 5!
A leopard gecko comes into view.
The kobold shouts!
Casting: Sting (safe; 2% risk of failure)
Confirm with . or Enter, or press ? or * to list all spells.
Aiming: Sting (safe; 2% risk of failure)
Press: ? - help, Shift-Dir - straight line, f - kobold
Aim: a kobold (33% to evade)
The sting hits the kobold.
The kobold is poisoned.
The kobold is heavily wounded.
Casting: Sting (safe; 2% risk of failure)
Confirm with . or Enter, or press ? or * to list all spells.
Aiming: Poisonous Vapours (safe; 6% risk of failure)
Press: ? - help, Dir - move target, f - Sigmund, p - kobold
Aim: Sigmund, wielding a +0 scythe and wearing a +0 robe (heavily wounded, very poisoned) Poisonous vapours surround Sigmund!
A quokka comes into view.
Sigmund is engulfed in poison gas.
Sigmund looks even sicker.
Sigmund points at you and mumbles some strange words.
The puff of flame misses you.
You closely miss the kobold.
The kobold is heavily wounded.
You kill the kobold!
You puncture the leopard gecko!
You kill the leopard gecko!
Sigmund looks at you with fury. Sigmund barely misses you.
You completely miss the quokka. The quokka closely misses you.
Sigmund hits you from afar with a +0 scythe!
The quokka bites you.
Casting: Poisonous Vapours (safe; 6% risk of failure)
Confirm with . or Enter, or press ? or * to list all spells.
Aiming: Sting (safe; 2% risk of failure)
Press: ? - help, Shift-Dir - straight line, f/p - Sigmund
Aim: Sigmund, wielding a +0 scythe and wearing a +0 robe (severely wounded, very poisoned, 29% to evade)
The sting hits Sigmund.
Sigmund looks even sicker.
Sigmund is severely wounded.
The quokka barely misses you.
Sigmund hits you from afar with a +0 scythe!
* * * LOW HITPOINT WARNING * * *
Sigmund closely misses you.
You hit Sigmund.
You kill Sigmund!
The quokka bites you.
You die...

...#
#######....
#..# #..<....#
#..####.#######
#..#....#
#....####
#######...##
.....†.....#
######)##...@..
#@# #####. #r#
#.#∆ #.# #.#
... #.# ... ∆
..#


You could see a quokka.

Vanquished Creatures
  Sigmund (D:3)
  2 worms (D:2)
  A dart slug (D:2)
  2 leopard geckos (D:3)
  4 hobgoblins
  A quokka (D:2)
  A frilled lizard (D:1)
  2 goblins
  5 kobolds
  2 rats (D:1)
21 creatures vanquished.

Notes
Turn   | Place    | Note
-------+----------+-------------------------------------------
     0 | D:1      | EnegeticOcto the Gnoll Venom Mage began the quest for the
                  | Orb.
     0 | D:1      | Reached XP level 1. HP: 13/13 MP: 6/6
    44 | D:1      | Reached skill level 2 in Transmutations
   112 | D:1      | Reached XP level 2. HP: 15/19 MP: 4/7
   116 | D:1      | Learned a level 2 spell: Poisonous Vapours
   163 | D:2      | Found a glowing golden altar of the Shining One.
   338 | D:2      | Reached XP level 3. HP: 24/25 MP: 6/9
   359 | D:3      | Noticed Sigmund
   364 | D:3      | Reached skill level 5 in Spellcasting
   373 | D:3      | Killed Sigmund
   373 | D:3      | Slain by a quokka

Illustrated notes

Levels and vault maps discovered:
D:1:      lemuel_arrival_behind_the_door_small, layout_basic
D:2:      layout_basic, general_overflow_altar
D:3:      layout_rooms, chequers_ecumenical_altar_twisty,
          nemelex_diamond_rough_becter, uniq_sigmund

Skill      XL: |  1  2  3 |
---------------+----------+-----
Transmutations | 2 |  2.1
Spellcasting   | 5 |  5.0
Fighting       | |  0.6
Short Blades   | |  0.6
Long Blades    | |  0.6
Axes           | |  0.6
Maces & Flails | |  0.6
Polearms       | |  0.6
Staves         | |  0.6
Slings         | |  0.6
Bows           | |  0.6
Crossbows      | |  0.6
Throwing       | |  0.6
Armour         | |  0.6
Dodging        | |  4.5
Stealth        | |  4.1
Shields        | |  0.6
Unarmed Combat | |  0.6
Conjurations   | |  0.4
Hexes          | |  0.4
Summonings     | |  0.4
Necromancy     | |  0.4
Translocations | |  0.4
Fire Magic     | |  0.4
Ice Magic      | |  0.4
Air Magic      | |  0.4
Earth Magic    | |  0.4
Poison Magic   | |  5.4
Invocations    | |  0.8
Evocations     | |  0.6

Action                   || total
-------------------------++-------
Melee: Morningstar       ||     7
       Bite              ||     1
 Cast: Sting             ||    26
       Poisonous Vapours ||     5
Armor: Robe              ||     1
Dodge: Dodged            ||    13
